 Dungeon Crawl Stone Soup version 0.30-a0-739-gea05faddec (webtiles) character file.

Game seed: 8291779767474821604

86 Leeroy the Slasher (level 4, -2/23 HPs)
             Began as a Vine Stalker Warper on Feb 4, 2023.
             Slain by an orc
             ... wielding a +0 falchion
              (5 damage)
             ... on level 3 of the Dungeon.
             The game lasted 00:05:13 (1645 turns).

Leeroy the Slasher (Vine Stalker Warper)            Turns: 1645, Time: 00:05:13

Health: -2/23      AC:  4    Str: 14    XL:     4   Next: 49%
Magic:  0/9        EV: 11    Int: 13    God:
Gold:   197        SH:  0    Dex: 15    Spells: 3/8 levels left

rFire   . . .      SeeInvis .    l - +2 short sword (venom)
rCold   . . .      Faith    .    (no shield)
rNeg    . . .      Spirit   +    b - +0 leather armour
rPois   .          Reflect  .    (no helmet)
rElec   .          Harm     .    (no cloak)
rCorr   .          Rampage  .    t - +0 pair of gloves
Will    .....                    (no boots)
Stlth   +                        n - amulet of the acrobat
HPRegen 1.03/turn                (no ring)
MPRegen 0.11/turn                (no ring)

@: no status effects
A: fangs 2, regeneration 1, magic shield, antimagic bite, no potion heal 2
a: no special abilities


You were on level 3 of the Dungeon.
You visited 1 branch of the dungeon, and saw 3 of its levels.

You collected 197 gold pieces.

Inventory:

Hand Weapons
 a - a +0 falchion
 l - a +2 short sword of venom (weapon)
Missiles
 d - 7 boomerangs of dispersal (quivered)
 i - 5 poisoned darts
Armour
 b - a +0 leather armour (worn)
 t - a +0 pair of gloves (worn)
Jewellery
 n - an amulet of the acrobat (around neck)
Scrolls
 c - a scroll of blinking
 e - 2 scrolls of teleportation
 f - a scroll of enchant armour
 m - 2 scrolls of silence
 p - a scroll of vulnerability
Potions
 g - 3 potions of flight
 h - a potion of experience {unknown}
 j - a potion of curing {unknown}
 k - a potion of attraction {unknown}
 o - a potion of haste {unknown}
 q - a potion of ambrosia {unknown}
 r - a potion of heal wounds {unknown}
 s - a potion of degeneration {unknown}
 u - a potion of mutation {unknown}
 v - a potion of brilliance {unknown}


   Skills:
 - Level 1.7 Fighting
 * Level 3.8 Long Blades
 - Level 0.8 Throwing
 - Level 0.7 Armour
 - Level 1.5 Dodging
 + Level 2.8 Spellcasting
 - Level 3.0 Translocations


You had 3 spell levels left.
You knew the following spells:

 Your Spells              Type           Power      Damage    Failure   Level
a - Vhi's Electric Charg  Tloc/Air       10%        N/A       43%         3
b - Blink                 Tloc           18%        N/A       13%         2

Your spell library contained the following spells:

 Spells                   Type           Power      Damage    Failure   Level
 Lesser Beckoning         Tloc           18%        N/A       13%         2
 Teleport Other           Tloc           9%         N/A       26%         3
 Manifold Assault         Tloc           9%         N/A       65%         4


Dungeon Overview and Level Annotations

Branches:
Dungeon (3/15)

Altars:
Gozag

Shops:
D:2 (


Innate Abilities, Weirdness & Mutations

You have extremely sharp teeth.
Your natural rate of healing is unusually fast.
When hurt, damage is shared between your health and your magic reserves.
Your bite disrupts and absorbs the magic of your enemies.
Potions cannot restore your health.


Message History

The orc wizard hits you but does no damage.
The orc hits you with a +0 dagger.
You closely miss the orc wizard. You closely miss the orc wizard.
Your bite misses the orc wizard. The orc barely misses you.
The orc wizard hits you but does no damage.
The orc barely misses you.
You hit the orc wizard but do no damage.
The orc wizard is poisoned.
The orc hits you with a +0 falchion.
The orc wizard hits you with a +0 dagger.
The orc closely misses you.
You hit the orc wizard. You bite the orc wizard.
The orc wizard's magic leaks into the air.
You drain its magic.
You feel invigorated.
The orc wizard is severely wounded.
The orc closely misses you.
The orc wizard points at you and mumbles some strange words.
You resist with some effort. The orc completely misses you.
You hit the orc wizard but do no damage.
The orc wizard looks even sicker.
Your bite misses the orc wizard.
The orc wizard is severely wounded.
The orc closely misses you.
The orc wizard falters for a moment.
The orc hits you with a +0 dagger.
You barely miss the orc wizard.
The orc wizard is severely wounded.
The orc barely misses you.
The orc wizard hits you with a +0 dagger.
The orc hits you with a +0 dagger.
You hit the orc wizard.
The orc wizard looks as sick as possible!
The orc wizard is almost dead.
You kill the orc wizard!
The orc hits you with a +0 falchion.
* * * LOW HITPOINT WARNING * * *
The orc hits you with a +0 dagger.
* * * LOW HITPOINT WARNING * * *
You hit the orc.
The orc is poisoned.
You bite the orc, but do no damage.
The orc is heavily wounded.
The orc hits you with a +0 falchion.
You die...

........# ........# ###
........# ##..
##########..###...
##........##.......
##......... ####....
##.......... #....
##....o...... ##...
##....@o...... #...
#......)...... #...
#......8♣♣♣♣8. #...
#......♣♣ ......#...
#......♣ ♣......#...
#......♣ ♣......#...
#.....[♣♣ ♣♣......#...
#......8♣♣♣♣8......#>..
#..............)...###.


You could see 2 orcs.

Vanquished Creatures
  An orc wizard (D:3)
  An adder (D:3)
  3 dart slugs (D:1)
  2 orcs (D:3)
  2 ball pythons
  2 bats
  3 endoplasms
  A giant cockroach (D:1)
  4 goblins
  2 hobgoblins
  3 jackals (D:3)
  5 kobolds
  5 quokkas
  2 frilled lizards
  4 rats
40 creatures vanquished.

Notes
Turn   | Place    | Note
-------+----------+-------------------------------------------
     0 | D:1      | Leeroy the Vine Stalker Warper began the quest for the Orb.
     0 | D:1      | Reached XP level 1. HP: 11/11 MP: 4/4
   103 | D:1      | Reached XP level 2. HP: 15/15 MP: 4/6
   356 | D:1      | Reached XP level 3. HP: 13/18 MP: 4/7
   640 | D:2      | Learned a level 3 spell: Vhi's Electric Charge
   643 | D:2      | Learned a level 2 spell: Blink
   734 | D:2      | Found Tyfecios's Antique Weapon Boutique.
  1554 | D:3      | Gained mutation: Your natural rate of healing is unusually
                  | fast. [Vine Stalker growth]
  1554 | D:3      | Reached XP level 4. HP: 23/23 MP: 9/9
  1555 | D:3      | Found an opulent altar of Gozag.
  1645 | D:3      | Slain by an orc

Illustrated notes

Levels and vault maps discovered:
D:1:      saegor_arrival_simple_c, layout_rooms
D:2:      layout_basic, serial_shops, nicolae_shop_trees
D:3:      layout_rooms, lemuel_coloured_pillars_altar,
          gammafunk_ghost_nasty_kobolds, kennysheep_big_empty_room

Skill      XL: |  1  2  3 |
---------------+----------+-----
Long Blades    | 2 3 |  3.8
Fighting       | |  1.7
Throwing       | |  0.8
Armour         | |  0.7
Dodging        | |  1.5
Spellcasting   | |  2.8
Translocations | |  3.0

Action                     |  1- 3 |  4- 6 || total
---------------------------+-------+-------++-------
  Melee: Falchion          |    35 |       ||    35
         Bite              |    22 |     5 ||    27
         Short sword       |    49 |    16 ||    65
    Use: Scroll            |     5 |       ||     5
 Armour: Leather armour    |    16 |     3 ||    19
  Dodge: Dodged            |    44 |    15 ||    59

Table legend: (Time is in decaauts)
 A = Elapsed time spent in this place.
 B = Non-inter-level travel time spent in this place.
 C = Inter-level travel time spent in this place.
 D = Time resting spent in this place.
 E = Time spent auto-exploring this place.
 F = Levels seen in this place.
 G = Mean time per level.
                   A        B        C        D        E       F      G
               +--------+--------+--------+--------+--------+-----+--------+
         Total |   1644 |   1523 |    121 |      0 |   1208 |   3 |  548.0 |
       Dungeon |   1644 |   1523 |    121 |      0 |   1208 |   3 |  548.0 |
               +--------+--------+--------+--------+--------+-----+--------+

Top non-repeatable levels by time:
     D:2: 714 daAuts
     D:1: 518 daAuts
     D:3: 411 daAuts
